 Dungeon Crawl Stone Soup version 0.31-a0-1370-gf52a5a9ab3 (console) character file.

Game seed: 12331406302863165509

8782 petzl the Skirmisher (level 11, 0/81 (86) HPs)
             Began as a Formicid Delver on Dec 23, 2023.
             Was a Follower of Vehumet.
             Succumbed to their own poison gas
             ... on level 9 of the Dungeon.
             The game lasted 00:47:38 (7401 turns).

petzl the Skirmisher (Formicid Delver)              Turns: 7401, Time: 00:47:38

HP:   0/81 (86)     AC:  9    Str: 22    XL:     11   Next: 62%
MP:   21/21         EV: 18    Int: 15    God:    Vehumet [*.....]
Gold: 258           SH:  0    Dex: 15    Spells: 24/24 levels left

rFire   . . .        b - +6 sling {freeze, Will+}
rCold   . . .        (no shield)
rNeg    . . .        A - +3 ring mail
rPois   .            (helmet unavailable)
rElec   .            (no cloak)
rCorr   .            (no gloves)
SInv    +            (no boots)
Will    ++...        i - amulet of regeneration
Stlth   +++          C - +6 ring of strength
HPRegen 1.13/turn    z - +5 ring of evasion
MPRegen 0.17/turn

%: no passive effects
@: lethally poisoned (0 -> -10), drained
A: permanent stasis, dig shafts and tunnels, antennae 3, four strong arms
a: Dig, Shaft Self, Renounce Religion


You were on level 9 of the Dungeon.
You worshipped Vehumet.
Vehumet was aware of your devotion.
You visited 2 branches of the dungeon, and saw 11 of its levels.
You also visited: Ossuary.

You collected 633 gold pieces.
You spent 375 gold pieces at shops.

Inventory:

Hand Weapons
 a - the +8 short sword of the Establishment {spect, *Rage rPois rF+}
   (You bought it in a shop on level 7 of the Dungeon)

   rF+:       It protects you from fire.
   rPois:     It protects you from poison *Rage: It berserks you when you make
   melee attacks (+20% chance).
 b - the +6 sling of petzl's Quick Death (weapon) {freeze, Will+}
   (You found it on level 6 of the Dungeon)

   Will+:     It increases your willpower.
 c - the +7 long sword of Fortitude {pain, Dex+3}
   (You found it on level 10 of the Dungeon)

   Dex+3:     It affects your dexterity (+3).
 K - a +3 spear of flaming {!f =f}
 N - a +2 mace of holy wrath
Missiles
 e - 11 poisoned darts
 k - 3 throwing nets
Armour
 j - the -1 pair of gloves of the Hunter {Harm Rampage rElec Int-4}
   (You found it on level 4 of the Dungeon)

   Int-4:     It affects your intelligence (-4).
   rElec:     It insulates you from electricity.
   Harm:      It increases damage dealt and taken.
   Rampage:   It bestows one free step when moving towards enemies.
 t - a +0 leather armour
 A - a +3 ring mail (worn)
Jewellery
 g - a ring of wizardry
 i - an amulet of regeneration (around neck)
 m - a ring of fire
 o - a ring of wizardry
 p - a +4 ring of protection
 s - a +4 ring of protection
 z - a +5 ring of evasion (right hand)
 B - a ring of flight
 C - a +6 ring of strength (left hand)
 H - a ring of poison resistance
 I - an amulet of reflection
Wands
 f - a wand of digging (1)
 y - a wand of polymorph (13)
Scrolls
 d - a scroll of poison
 n - a scroll of immolation
 q - a scroll of enchant weapon
 r - 2 scrolls of vulnerability
 v - a scroll of identify
 w - a scroll of torment
 x - a scroll of revelation
 D - 3 scrolls of enchant armour
 E - 3 scrolls of amnesia
 M - 2 scrolls of fog
Potions
 h - a potion of curing
 l - 3 potions of lignification
 u - 3 potions of brilliance
 F - a potion of enlightenment {unknown}
 G - a potion of mutation
 J - a potion of cancellation
 L - a potion of ambrosia


   Skills:
 + Level 8.1 Fighting
 - Level 2.0(2.4) Short Blades
 + Level 2.1(2.5) Long Blades
 - Level 2.0 Maces & Flails
 * Level 9.3 Ranged Weapons
 * Level 7.2 Armour
 - Level 6.0 Dodging
 + Level 7.4 Stealth
 + Level 7.2 Spellcasting
 + Level 2.2 Necromancy
 - Level 2.0 Evocations


You had 24 spell levels left.
You didn't know any spells.
Your spell library contained the following spells:

 Spells                   Type           Power      Damage    Failure   Level
 Shock                    Conj/Air       20%        1d4       21%         1
 Summon Small Mammal      Summ           20%        N/A       21%         1
 Call Canine Familiar     Summ           5%         N/A       52%         3
 Summon Guardian Golem    Hex/Summ       5%         N/A       52%         3


Dungeon Overview and Level Annotations

Branches:
Dungeon (10/15)            Temple (1/1) D:7            Lair (0/5) D:9
Ossuary (visited)
    Orc: D:9-12

Altars:
Ashenzari
Cheibriados
Dithmenos
Elyvilon
Fedhas
Gozag
Hepliaklqana
Kikubaaqudgha
Nemelex Xobeh
Okawaru
Qazlal
Ru
Sif Muna
Trog
Uskayaw
Vehumet
Wu Jian
Xom
Yredelemnul
Zin
The Shining One

Shops:
D:4 [   D:7 *

Annotations:
D:5 2 transporters
D:7 exclusions: boulder beetle and 2 downstairs, Joseph
D:8 Maggie
D:9 exclusions: killer bee and wyvern, Grum


Innate Abilities, Weirdness & Mutations

You cannot be hasted, slowed, berserked, paralysed or teleported.
You can dig through walls and to a lower floor.
You have a pair of large antennae on your head. (SInv)
Your four strong arms can wield two-handed weapons with a shield.


Message History

Okay, then.
Okay, then.
You feel a bond with the +8 short sword of the Establishment {spect, *Rage rPois rF+}.
a - the +8 short sword of the Establishment (weapon)
{spect, *Rage rPois rF+} The troll misses you.
The troll claws you!
* * * LOW HITPOINT WARNING * * *
The troll misses you.
You feel better. The troll misses you. x3
The air fills with toxic fumes!
As you read the scroll of poison, it crumbles to dust.
The troll closely misses you. x2; The troll claws you but does no damage.
The yak is engulfed in poison gas.
The yak is poisoned.
The yak is engulfed in poison gas.
The yak looks even sicker.
The yak is engulfed in poison gas.
The yak looks even sicker.
The yak is engulfed in poison gas.
The yak looks as sick as possible!
Okay, then.
The yak is engulfed in poison gas.
The yak is poisoned.
The yak is engulfed in poison gas.
The yak looks as sick as possible!
There is a stone staircase leading up, spattered with blood here.
You barely miss the yak.
The yak is severely wounded.
Your +8 short sword of the Establishment {spect, *Rage rPois rF+} hits the yak!
You kill the yak!
Vehumet accepts your kill.
The yak is engulfed in poison gas.
The yak looks even sicker.
Your +8 short sword of the Establishment {spect, *Rage rPois rF+} disappears.
The +6 sling of petzl's Quick Death {freeze, Will+} is covered in frost.
b - the +6 sling of petzl's Quick Death (weapon)
{freeze, Will+} You are engulfed in poison gas.
You are poisoned.
* * * LOW HITPOINT WARNING * * *
You feel sick.
Unknown command.
You are engulfed in poison gas.
You are more poisoned.
* * * LOW HITPOINT WARNING * * *
x2 You feel very sick.
You climb upwards.
Level annotation: exclusions: killer bee and wyvern, Grum You die...

###########
#..........
#..........
#..........
######..........
........@.......
#####..........
##..........
#...........
#...........
#...........
#.......)...
#######.##..#...##
.......<[...###.#
######..#...#
#.....)....#
######.##..###..# y..
........#.......# #..
.. ..........##...#
#.# ..
##......####...# #.#
.. #..........)..#
###.# .#
#.........##..###.#.#
.# #.........#
#...#.# .#
.#####......#
#.#.#.######


There were no monsters in sight!

Vanquished Creatures
  2 two-headed ogres (D:8)
  A gargoyle (D:10)
  A komodo dragon (D:10)
  A troll (D:10)
  Prince Ribbit (D:7)
  A wraith (D:10)
  25 yaks
  Menkaure (D:5)
  2 water moccasins
  An acid dragon (D:9)
  3 black bears
  A sky beast (D:8)
  2 ice beasts
  An orc warrior (D:9)
  A wolf (D:8)
  An ogre (D:6)
  3 centaurs
  A weeping skull (Ossuary)
  A gnoll sergeant (D:8)
  3 scorpions
  3 water moccasin zombies (Ossuary)
  3 howler monkeys (D:7)
  3 jellies
  3 orc priests
  A spectral scorpion (Ossuary)
  4 sleepcaps
  An iguana (D:4)
  5 orc wizards
  A crocodile zombie (Ossuary)
  A bullfrog simulacrum (Ossuary)
  2 mummies (Ossuary)
  6 adders
  8 gnolls
  A shadow imp (D:5)
  3 bombardier beetles
  A white imp (D:6)
  4 ufetubi
  3 adder zombies (Ossuary)
  A worm (D:4)
  2 dart slugs
  23 orcs
  5 bats
  7 endoplasms
  4 giant cockroaches
  17 gnoll zombies (Ossuary)
  5 goblins
  5 hobgoblins
  3 jackals (D:2)
  3 quokkas
  4 ball pythons
  2 frilled lizards (D:2)
  2 jackal zombies (Ossuary)
  7 kobolds
  7 orc zombies (Ossuary)
  4 rats
207 creatures vanquished.

Vanquished Creatures (others)
  A spectral weapon (D:10)
1 creature vanquished.

Grand Total: 208 creatures vanquished

Notes
Turn   | Place    | Note
-------+----------+-------------------------------------------
     0 | D:5      | petzl the Formicid Delver began the quest for the Orb.
     0 | D:5      | Reached XP level 1. HP: 18/18 MP: 1/1
     6 | D:6      | Reached skill level 1 in Spellcasting
     6 | D:6      | Reached XP level 2. HP: 15/24 MP: 1/4
   130 | D:4      | Noticed a scorpion
   139 | D:4      | Identified the -1 pair of gloves of the Hunter {Harm
                  | Rampage rElec Int-4}
   382 | D:1      | Reached XP level 3. HP: 29/29 MP: 6/6
   504 | D:1      | Found a faded altar of an unknown god.
  1162 | D:2      | Found a basalt altar of Yredelemnul.
  1212 | D:2      | Reached XP level 4. HP: 33/35 MP: 8/8
  1579 | D:3      | Reached skill level 1 in Ranged Weapons
  1601 | D:3      | Reached XP level 5. HP: 28/41 MP: 8/10
  1766 | D:4      | Reached skill level 1 in Evocations
  1875 | D:4      | Reached skill level 2 in Ranged Weapons
  1889 | D:4      | Reached XP level 6. HP: 31/48 MP: 11/11
  1964 | D:4      | Found a blossoming altar of Fedhas.
  2164 | D:4      | Found Jibuj's Armour Emporium.
  2389 | D:5      | Noticed a yak
  2391 | D:5      | Found a transporter.
  2392 | D:5      | Noticed a komodo dragon
  2393 | D:5      | Found a transporter.
  2393 | D:5      | Found a white marble altar of Elyvilon.
  2472 | D:5      | Reached skill level 3 in Ranged Weapons
  2472 | D:5      | Reached XP level 7. HP: 31/54 MP: 12/12
  2556 | D:5      | You fall into a shaft and drop 2 floors!
  2557 | D:7      | Noticed a skeletal warrior
  2557 | D:7      | Noticed a troll
  2563 | D:7      | Noticed Prince Ribbit
  2662 | D:7      | Found a sand-covered staircase.
  2671 | Ossuary  | Entered an ossuary
  3047 | Ossuary  | Reached skill level 4 in Ranged Weapons
  3288 | Ossuary  | Reached XP level 8. HP: 61/61 MP: 14/14
  3439 | D:7      | Found Ea-nāṣir's Fine Metal Goods.
  3449 | D:7      | Bought a transparent short sword for 240 gold pieces
  3449 | D:7      | Identified the +8 short sword of the Establishment {spect,
                  | *Rage rPois rF+} (You bought it in a shop on level 7 of the
                  | Dungeon)
  3466 | D:6      | Reached skill level 5 in Fighting
  3667 | D:5      | Found a stormy altar of Qazlal.
  3781 | D:5      | Reached skill level 5 in Ranged Weapons
  3782 | D:5      | Noticed Menkaure
  3886 | D:5      | Killed Menkaure
  4021 | D:6      | Reached skill level 1 in Short Blades
  4021 | D:6      | Reached skill level 1 in Armour
  4021 | D:6      | Reached skill level 5 in Spellcasting
  4167 | D:6      | Reached XP level 9. HP: 68/68 MP: 16/16
  4352 | D:6      | Reached skill level 6 in Ranged Weapons
  4557 | D:6      | Identified the +6 sling of petzl's Quick Death {freeze,
                  | Will+}
  4986 | D:7      | Reached skill level 7 in Ranged Weapons
  5034 | D:7      | Killed Prince Ribbit
  5044 | D:7      | Found a hazy altar of Hepliaklqana.
  5051 | D:7      | Noticed Joseph
  5054 | D:7      | Noticed a boulder beetle
  5108 | D:8      | Noticed Maggie
  5122 | D:7      | Reached skill level 5 in Dodging
  5122 | D:7      | Reached XP level 10. HP: 74/77 MP: 17/19
  5234 | D:7      | Found a staircase to the Ecumenical Temple.
  5240 | Temple   | Entered the Ecumenical Temple
  5256 | Temple   | Became a worshipper of Vehumet
  5543 | D:9      | Noticed a two-headed ogre
  5670 | D:9      | Found a staircase to the Lair.
  6141 | D:8      | Reached skill level 8 in Ranged Weapons
  6141 | D:8      | Reached skill level 5 in Armour
  6277 | D:8      | Found an ancient bone altar of Kikubaaqudgha.
  6314 | D:8      | Killed a two-headed ogre
  6439 | D:7      | Bought a buckler for 135 gold pieces
  6496 | D:8      | Noticed a two-headed ogre
  6506 | D:8      | Killed a two-headed ogre
  6714 | D:8      | Reached * piety under Vehumet
  6714 | D:8      | Offered knowledge of Shock by Vehumet.
  6782 | D:9      | Noticed Grum
  6888 | D:10     | Entered Level 10 of the Dungeon
  6898 | D:10     | Reached XP level 11. HP: 73/84 MP: 21/21
  6910 | D:10     | Identified the +7 long sword of Fortitude {pain, Dex+3}
  7019 | D:10     | Reached skill level 1 in Long Blades
  7019 | D:10     | Reached skill level 1 in Necromancy
  7152 | D:10     | Reached skill level 9 in Ranged Weapons
  7401 | D:9      | Succumbed to their own poison gas

Illustrated notes

Levels and vault maps discovered:
D:1:      eino_arrival_tree_alley, layout_basic,
          chequers_ecumenical_altar_island
D:2:      layout_basic, basic_altar
D:3:      layout_loops_ring
D:4:      layout_rooms, fedhas_altar_4, serial_shops,
          nicolae_shop_real_fake_doors, chequers_serial_rivers_room_b,
          corexii_shack, due_unseen_surprise
D:5:      layout_basic, gammafunk_temple_overflow_arena,
          mainiacjoe_overflow_chevrons, minmay_statues_item, uniq_menkaure
D:6:      layout_loops_ring
D:7:      layout_basic, lemuel_doored_altar, minmay_temple_entry_hall,
          nicolae_ossuary_entry_monument, nicolae_ea-nasir_strikes_again,
          kb_rosetta, uniq_joseph, uniq_prince_ribbit1
D:8:      layout_loops_corners, kennysheep_mini, uniq_maggie
D:9:      layout_basic, mainiacjoe_overflow_alcove_2, lair_entry_dummy,
          ebering_ghost_reflecting_pool, uniq_grum
D:10:     layout_rooms, mainiacjoe_overflow_alcove_1, orc_0_dummy, st_stairs_13
Temple:   nicolae_temple_superstar

Skill      XL: |  1  2  3  4  5  6  7  8  9 10 11 |
---------------+----------------------------------+-----
Spellcasting   | 1 2 3 4 5 6 7 |  7.2
Ranged Weapons | 1 2 3 4 5 7 8 9 |  9.3
Dodging        | 2 3 4 5 6 |  6.0
Evocations     | 1 2 |  2.0
Fighting       | 4 5 6 7 8 |  8.1
Short Blades   | 1 2 |  2.0
Armour         | 1 3 6 7 |  7.2
Long Blades    | 2 |  2.1
Necromancy     | 2 |  2.2
Stealth        | 7 |  7.4
Maces & Flails | |  2.0

Action                     |  1- 3 |  4- 6 |  7- 9 | 10-12 || total
---------------------------+-------+-------+-------+-------++-------
  Melee: Mace              |    86 |    99 |   155 |       ||   340
         Punch             |     1 |     1 |     7 |     7 ||    16
         Short sword       |       |       |   128 |   182 ||   310
         Long sword        |       |       |       |     3 ||     3
   Fire: Sling             |    11 |    82 |   182 |   107 ||   382
  Throw: Throwing net      |       |       |     1 |     1 ||     2
         Dart              |       |       |       |     1 ||     1
Ability: Dig               |     1 |     3 |     2 |     3 ||     9
         Shaft Self        |       |       |     1 |       ||     1
  Evoke: Wand              |       |    13 |     5 |       ||    18
    Use: Scroll            |     1 |       |    14 |     5 ||    20
         Potion            |       |       |     6 |     3 ||     9
   Stab: Sleeping          |     9 |     1 |     3 |       ||    13
         Distracted        |       |       |       |     3 ||     3
 Armour: Leather armour    |    57 |    69 |   124 |       ||   250
         Ring mail         |       |       |       |    88 ||    88
  Dodge: Dodged            |    79 |   106 |   301 |   127 ||   613

Table legend: (Time is in decaauts)
 A = Elapsed time spent in this place.
 B = Non-inter-level travel time spent in this place.
 C = Inter-level travel time spent in this place.
 D = Time resting spent in this place.
 E = Time spent auto-exploring this place.
 F = Levels seen in this place.
 G = Mean time per level.
                   A        B        C        D        E       F      G
               +--------+--------+--------+--------+--------+-----+--------+
         Total |   7475 |   7083 |    392 |    481 |   3018 |  12 |  622.9 |
       Dungeon |   6638 |   6277 |    361 |    445 |   2934 |  10 |  663.8 |
        Temple |     32 |      1 |     31 |      0 |      0 |   1 |   32.0 |
       Ossuary |    803 |    803 |      0 |     36 |     84 |   1 |  803.0 |
               +--------+--------+--------+--------+--------+-----+--------+

Top non-repeatable levels by time:
     D:8: 1065 daAuts
     D:6: 988 daAuts
 Ossuary: 803 daAuts
     D:1: 802 daAuts
     D:7: 752 daAuts
     D:5: 705 daAuts
     D:4: 683 daAuts
    D:10: 486 daAuts
     D:2: 427 daAuts
     D:3: 388 daAuts
     D:9: 339 daAuts
  Temple: 32 daAuts
